 Dungeon Crawl Stone Soup version 0.31-a0-202-g547052bce9 (webtiles) character file.

Game seed: 5314580847193895647

101 qw the Shooter (level 4, -1/25 HPs)
             Began as a Deep Elf Hunter on June 26, 2023.
             Slain by Sigmund
             ... wielding a +0 scythe
              (7 damage)
             ... on level 2 of the Dungeon.
             The game lasted 00:00:31 (1004 turns).

qw the Shooter (Deep Elf Hunter)                    Turns: 1004, Time: 00:00:31

Health: -1/25      AC:  6    Str: 10    XL:     4   Next: 48%
Magic:  6/6        EV: 12    Int: 14    God:
Gold:   79         SH:  0    Dex: 18    Spells: 3/3 levels left

rFire   . . .        Y - +0 shortbow
rCold   . . .        (shield currently unavailable)
rNeg    . . .        c - +0 leather armour
rPois   .            e - +2 helmet
rElec   .            (no cloak)
rCorr   .            (no gloves)
SInv    .            (no boots)
Will    +....        (no amulet)
Stlth   ++           k - ring of willpower
HPRegen 0.24/turn    (no ring)
MPRegen 0.10/turn

%: no passive effects
@: no status effects
A: no striking features
a: no special abilities


You were on level 2 of the Dungeon.
You visited 1 branch of the dungeon, and saw 2 of its levels.

You collected 79 gold pieces.


   Skills:
 - Level 1.5 Fighting
 + Level 7.9 Ranged Weapons
 - Level 2.4 Dodging
 - Level 1.2 Stealth


You had 3 spell levels left.
You didn't know any spells.
Your spell library was empty.

Inventory:

Hand Weapons
 Y - a +0 shortbow (weapon)
Armour
 c - a +0 leather armour (worn)
 e - a +2 helmet (worn)
Jewellery
 k - a ring of willpower (left hand)
Scrolls
 a - 2 scrolls of fear {unknown}
 d - a scroll of identify {unknown}
 h - a scroll of vulnerability {unknown}
Potions
 b - a potion of lignification {unknown}
 f - a potion of haste
 g - a potion of curing
 i - a potion of cancellation {unknown}

Dungeon Overview and Level Annotations

Branches:
Dungeon (2/15)

Altars:

Annotations:
D:2 Sigmund


Message History

Enter note:
Enter note:
Enter note:
Enter note:
Enter note: Sigmund the Dreaded comes into view.
He is wielding a +0 scythe.
Sigmund shouts!
Enter note:
Enter note:
Enter note:
Enter note:
Enter note:
Enter note:
Enter note:
Enter note:
Enter note: You shoot an arrow.
The arrow barely misses Sigmund.
You shoot an arrow. The arrow hits Sigmund.
Sigmund is lightly wounded.
Sigmund gestures at you while chanting. The puff of flame misses you.
You shoot an arrow. The arrow barely misses Sigmund.
Sigmund says, "You will soon forget everything."
You shoot an arrow. The arrow barely misses Sigmund.
You shoot an arrow. The arrow barely misses Sigmund.
You shoot an arrow. The arrow hits Sigmund.
Sigmund is moderately wounded.
Sigmund casts a spell.
Sigmund flickers and vanishes!
Deactivating autopickup; reactivate with Ctrl-A.
You shoot an arrow. Something hits you!
You shoot an arrow. Something hits you!
You shoot an arrow. You shoot an arrow. Something hits you but does no damage.
You shoot an arrow. Something hits you!
You die...

###.##....#..###.###
#.##%.....## #.##.
#.##...#..####....
#.#.......##......
#............##...
#..<..............
#.........#####...
#.........# #...
#@>.......# #...
#.........# #...
#{.......## #...
#...(.....# #...
..........#######.
..................
#.>.......#.....##
#........ #.###.#
#.# #.##


There were no monsters in sight!

Vanquished Creatures
  4 gnolls (D:2)
  2 adders (D:2)
  2 dart slugs
  3 worms (D:2)
  3 endoplasms
  A giant cockroach (D:1)
  A goblin (D:2)
  4 hobgoblins
  4 jackals (D:2)
  A ball python (D:1)
  6 frilled lizards
  2 kobolds (D:2)
  4 rats
37 creatures vanquished.

Notes
Turn   | Place    | Note
-------+----------+-------------------------------------------
     0 | D:1      | qw the Deep Elf Hunter began the quest for the Orb.
     0 | D:1      | Reached XP level 1. HP: 12/12 MP: 3/3
     0 | D:1      | 0 ||| qw: Version: 0.3-a-22-g0ed2b0b
     0 | D:1      | 0 ||| qw: Game counter: 6328
     0 | D:1      | 0 ||| qw: Melee chars always use a shield: true
     0 | D:1      | 0 ||| qw: God list: Okawaru
     0 | D:1      | 0 ||| qw: Allow faded altars: false
     0 | D:1      | 0 ||| qw: Do Orc after clearing Dungeon:15 true
     0 | D:1      | 0 ||| qw: Do second Lair branch before Depths: true
     0 | D:1      | 0 ||| qw: Lair rune preference: random
     0 | D:1      | 0 ||| qw: Goals: Normal
     0 | D:1      | 0 ||| PLANNING D:1-11
    89 | D:1      | Reached XP level 2. HP: 16/16 MP: 4/4
   156 | D:1      | Reached skill level 6 in Ranged Weapons
   550 | D:1      | 550 ||| UPGRADING to +2 helmet.
   555 | D:1      | 555 ||| UPGRADING to ring of willpower.
   556 | D:1      | 556 ||| READING scroll labelled NAOGHI MOUWN.
   559 | D:1      | 559 ||| READING scroll labelled WUGUMI AKE SUL.
   560 | D:1      | 560 ||| READING scroll labelled QYBIYT GUIN.
   561 | D:1      | 561 ||| DRINKING 2 golden potions.
   562 | D:1      | 562 ||| DRINKING 2 glowing coppery potions.
   563 | D:1      | 563 ||| DROPPING scroll of butterflies.
   618 | D:2      | Reached XP level 3. HP: 20/20 MP: 5/5
   623 | D:2      | Reached skill level 7 in Ranged Weapons
   659 | D:2      | Reached XP level 4. HP: 25/25 MP: 6/6
   702 | D:2      | Identified the +7 trident of Hatred {freeze, rElec Str+3
                  | Dex-4}
   721 | D:2      | 721 ||| Stepping ~*~*~tactically~*~*~ (outnumbered).
   723 | D:2      | 723 ||| Stepping ~*~*~tactically~*~*~ (outnumbered).
   993 | D:2      | Noticed Sigmund
  1001 | D:2      | HP: 5/25 [something (10)]
  1004 | D:2      | Slain by Sigmund

Levels and vault maps discovered:
D:1:      minmay_arrival_open_corners, layout_basic, corner_web_ring
D:2:      layout_rooms, nicolae_wormholes, uniq_sigmund

Skill      XL: |  1  2  3 |
---------------+----------+-----
Ranged Weapons | 6 7 |  7.9
Fighting       | |  1.5
Dodging        | |  2.4
Stealth        | |  1.2

Action                     |  1- 3 |  4- 6 || total
---------------------------+-------+-------++-------
   Fire: Shortbow          |    61 |    63 ||   124
    Use: Scroll            |     3 |       ||     3
         Potion            |     2 |       ||     2
 Armour: Leather armour    |     8 |     7 ||    15
  Dodge: Dodged            |    10 |    13 ||    23

Table legend:
 A = Non-vault XP
 B = Vault XP
 C = Vault XP percentage of total XP
 D = Non-vault monster count
 E = Vault monster count
 F = Vault count percentage of total count
                 A         B        C        D         E       F
            +---------+---------+-------+---------+---------+-------
      Total |     136 |       9 |   6.2 |      35 |       2 |   5.4
            +---------+---------+-------+---------+---------+-------
        D:1 |      18 |       0 |   0.0 |      10 |       0 |   0.0
        D:2 |     118 |       9 |   7.1 |      25 |       2 |   7.4
            +---------+---------+-------+---------+---------+-------
